 Dungeon Crawl Stone Soup version 0.31-a0-875-g02e7d12df6 (webtiles) character file.

Game seed: 15016186283041283765

184 Azuregosa the Covert (level 5, 0/36 HPs)
             Began as an Octopode Delver on Oct 12, 2023.
             Slain by an orc
             ... wielding a +0 trident
              (4 damage)
             ... on level 4 of the Dungeon.
             The game lasted 00:09:22 (1897 turns).

Azuregosa the Covert (Octopode Delver)              Turns: 1897, Time: 00:09:22

Health: 0/36       AC:  1    Str: 12    XL:     5   Next: 64%
Magic:  8/8        EV: 13    Int: 14    God:
Gold:   152        SH:  0    Dex: 13    Spells: 7/8 levels left

rFire   . . .        d - staff of cold
rCold   + . .        (no shield)
rNeg    . . .        (helmet restricted)
rPois   .            (no amulet)
rElec   .            (no ring)
rCorr   .            (no ring)
SInv    .            (no ring)
Will    .....        (no ring)
Stlth   +++++        (no ring)
HPRegen 0.26/turn    (no ring)
MPRegen 0.11/turn    (no ring)
                     (no ring)

%: no passive effects
@: no status effects
A: almost no armour, amphibious, 8 rings, camouflage 1, gelatinous body 1,
(nimble swimmer 1), tentacles
a: no special abilities


You were on level 4 of the Dungeon.
You visited 1 branch of the dungeon, and saw 5 of its levels.

You collected 152 gold pieces.

Inventory:

Hand Weapons
 a - a +0 hand axe
 i - a +0 hand axe of flaming
 l - a +1 dagger of freezing
 p - a +1 sling of electrocution
Magical Staves
 d - a staff of cold (weapon)
Wands
 f - a wand of digging (3)
Scrolls
 b - 2 scrolls of fog
 c - 2 scrolls of revelation
 g - 3 scrolls of identify {unknown}
 j - 2 scrolls of teleportation {unknown}
 m - a scroll of vulnerability {unknown}
 o - a scroll of fear
 q - a scroll of enchant armour {unknown}
Potions
 e - 3 potions of haste
 h - a potion of curing {unknown}
 k - a potion of berserk rage {unknown}
 n - a potion of heal wounds {unknown}
 r - a potion of mutation {unknown}


   Skills:
 - Level 3.0 Fighting
 - Level 2.0 Axes
 - Level 2.0 Dodging
 - Level 9.0 Stealth
 - Level 2.0 Spellcasting
 + Level 2.0 Poison Magic


You had 7 spell levels left.
You knew the following spells:

 Your Spells              Type           Power      Damage    Failure   Level
a - Sting                 Tmut/Pois      16%        1d3       16%         1

Your spell library contained the following spells:

 Spells                   Type           Power      Damage    Failure   Level
 Poisonous Vapours        Pois/Air       8%         N/A       24%         2
 Olgreb's Toxic Radiance  Pois           7%         N/A       69%         4


Dungeon Overview and Level Annotations

Branches:
Dungeon (5/15)
 Temple: D:4-7

Altars:


Innate Abilities, Weirdness & Mutations

You cannot wear most types of armour.
You are amphibious.
You can wear up to eight rings at the same time.
Your skin changes colour to match your surroundings (Stealth+).
Your rubbery body absorbs attacks. (AC +1, EV +1)
((You are camouflaged when in or above water. (Stealth+)))
You have tentacles for arms and can constrict up to eight enemies at once.


Message History

Your Poison Magic skill increases to level 2!
You closely miss the orc. Your grab misses the orc.
You feel sick. The orc hits you with a +0 short sword.
The orc wizard gestures wildly while chanting.
The orc wizard flickers and vanishes!
You hit the orc. You grab the orc.
The orc is moderately wounded.
You constrict the orc.
You feel sick. The orc hits you with a +0 short sword.
You hit the orc.
The orc is almost dead.
You constrict the orc, but do no damage.
You feel sick. The orc hits you with a +0 short sword.
You hit the orc.
You kill the orc!
You feel sick.
You are no longer poisoned.
You hear some strange, mumbled words.
A puff of flame appears from out of thin air!
The puff of flame hits you!
* * * LOW HITPOINT WARNING * * *
The orc attacks as it pursues you! The orc hits you with a +0 short sword.
* * * LOW HITPOINT WARNING * * *
The orc attacks as it pursues you! The orc closely misses you.
There is a stone staircase leading down here.
You can't go up here!
Unknown command.
You hit the orc but do no damage. You grab the orc. You constrict the orc.
The orc misses you.
You release your grip on the orc.
The orc closely misses you.
You climb downwards.
Reactivating autopickup.
The quokka bites you.
* * * LOW HITPOINT WARNING * * *
Found 11 gold pieces and a robe.
There is a stone staircase leading up here.
You hit the quokka but do no damage. Your grab misses the quokka.
The orc closely misses you. The quokka completely misses you.
The quokka closely misses you.
The orc hits you from afar with a +0 trident.
You die...

....... .... .S
....... ....5
##......... ..5.. .
..........##......
##.#.. #......#......
...#..##.$....#......
.......##..!....#..#
>.......##..ro.....##
.......<##o$.@.......
........oo.o....###.#
#................#
...................
........$.........##
........>.....#.....
..............#..[...
..........#...#......
............o...


You could see 2 lemures, 5 orcs and a quokka.

Vanquished Creatures
  A scorpion zombie (D:2)
  Jessica (D:2)
  A gnoll (D:2)
  6 adders
  2 adder skeletons (D:2)
  A worm (D:2)
  2 dart slugs (D:1)
  3 orcs (D:3)
  2 ball pythons
  A bat zombie (D:2)
  An endoplasm (D:2)
  A giant cockroach (D:2)
  7 goblins
  2 hobgoblins (D:2)
  4 quokkas
  A ball python skeleton (D:2)
  A ball python zombie (D:2)
  5 bats
  6 frilled lizards
  A giant cockroach zombie (D:2)
  A jackal zombie (D:2)
  4 kobolds
  A quokka skeleton (D:2)
  6 rats
61 creatures vanquished.

Notes
Turn   | Place    | Note
-------+----------+-------------------------------------------
     0 | D:5      | Azuregosa the Octopode Delver began the quest for the Orb.
     0 | D:5      | Reached XP level 1. HP: 16/16 MP: 1/1
    62 | D:4      | Noticed an orc wizard
   100 | D:3      | Reached skill level 7 in Stealth
   100 | D:3      | Reached XP level 2. HP: 21/21 MP: 2/2
   114 | D:2      | HP: 1/21 [worm (8)]
   185 | D:2      | Reached XP level 3. HP: 13/26 MP: 3/3
   239 | D:2      | Reached skill level 8 in Stealth
   269 | D:2      | Reached XP level 4. HP: 21/31 MP: 4/4
   953 | D:2      | Reached skill level 9 in Stealth
  1023 | D:2      | Reached skill level 1 in Spellcasting
  1183 | D:2      | Reached XP level 5. HP: 32/36 MP: 5/7
  1315 | D:2      | Noticed Jessica
  1337 | D:1      | Learned a level 1 spell: Sting
  1357 | D:2      | Killed Jessica
  1519 | D:2      | Reached skill level 1 in Poison Magic
  1895 | D:4      | Noticed a lemure
  1895 | D:4      | Noticed a lemure
  1897 | D:4      | Slain by an orc

Illustrated notes

Levels and vault maps discovered:
D:1:      erik_arrival_blinker_ship, layout_loops_ring
D:2:      layout_basic, serial_undead, serial_undead_e, serial_undead_f,
          serial_undead_d, serial_undead_c, serial_undead_f, serial_undead_a,
          serial_undead_b, serial_undead_c, serial_undead_d, serial_undead_b,
          uniq_jessica
D:3:      minmay_chambers_of_twos, layout_rooms, serial_shops,
          nicolae_shop_real_fake_doors
D:4:      layout_cave_pools, uniq_pikel
D:5:      layout_basic

Skill      XL: |  1  2  3  4  5 |
---------------+----------------+-----
Stealth        | 7 8 9 |  9.0
Spellcasting   | 1 2 |  2.0
Poison Magic   | 2 |  2.0
Fighting       | |  3.0
Axes           | |  2.0
Dodging        | |  2.0

Action                     |  1- 3 |  4- 6 || total
---------------------------+-------+-------++-------
  Melee: Hand axe          |    40 |     4 ||    44
         Constrict         |    15 |    29 ||    44
         Tentacles         |     6 |    20 ||    26
         Staff             |       |   101 ||   101
         Punch             |       |     2 ||     2
   Cast: Sting             |       |     5 ||     5
    Use: Scroll            |     1 |       ||     1
   Stab: Sleeping          |     2 |    15 ||    17
         Distracted        |       |     2 ||     2
 Armour: Skin              |    17 |    56 ||    73
  Dodge: Dodged            |    29 |    61 ||    90

Table legend: (Time is in decaauts)
 A = Elapsed time spent in this place.
 B = Non-inter-level travel time spent in this place.
 C = Inter-level travel time spent in this place.
 D = Time resting spent in this place.
 E = Time spent auto-exploring this place.
 F = Levels seen in this place.
 G = Mean time per level.
                   A        B        C        D        E       F      G
               +--------+--------+--------+--------+--------+-----+--------+
         Total |   1928 |   1898 |     30 |    190 |    900 |   5 |  385.6 |
       Dungeon |   1928 |   1898 |     30 |    190 |    900 |   5 |  385.6 |
               +--------+--------+--------+--------+--------+-----+--------+

Top non-repeatable levels by time:
     D:2: 1140 daAuts
     D:1: 607 daAuts
     D:3: 109 daAuts
     D:5: 62 daAuts
     D:4: 9 daAuts
